[Event "44th Chess Olympiad Open 2022"]
[Site "Chennai"]
[Date "2022.08.05"]
[Round "7.49"]
[White "Chahin Godoy, Angel Eduardo"]
[Black "Delgado Rosas, Alex Antonio"]
[Result "0-1"]
[ECO "B27"]
[WhiteElo "1844"]
[BlackElo "2149"]
[Annotator "TA"]
[PlyCount "96"]
[EventDate "2022.07.29"]
[EventType "team-tourn"]
[EventCountry "IND"]
[SourceTitle "playchess.com"]
[Source "ChessBase"]
[SourceQuality "1"]
[WhiteTeam "Honduras"]
[BlackTeam "Panama"]
[WhiteTeamCountry "HON"]
[BlackTeamCountry "PAN"]
[TimeControl "40/5400+30:1800+30"]

1. e4 c5 2. Nf3 g6 3. c3 d5 4. e5 Bg7 5. d4 cxd4 6. cxd4 Nh6 {[%emt 0:00:36] seems to push 6...Bg4 aside. B27: Sicilian: 2 Nf3, unusual Black 2nd moves.} 7. Nc3 O-O 8. Be2 Nc6 {[%emt 0:01:41] The position is equal.} 9. Qb3 Nf5 {[%emt 0:18:33] [#]} 10. Qd1 $146 ({Predecessor:} 10. Be3 Nxe3 11. fxe3 e6 12. O-O Bh6 13. Nb5 Qb6 14. g4 Na5 15. Qc3 Rd8 16. g5 {1-0 (25) Serdijn Koster,A (2048)-Orlova,Y (1942) Leiden 2013}) 10... e6 11. g4 Nh4 12. Nxh4 Qxh4 13. Bf4 $1 Qe7 14. g5 {[%emt 0:16:52] Prevents f6.} a6 (14... Qb4 $5 15. Be3 Qxb2 $15) 15. a3 b5 16. Qd2 Bb7 17. O-O Qc7 18. Rac1 Qb6 19. Rfd1 Na5 20. Rc2 Rac8 21. Be3 Rfd8 22. b4 (22. Qd3 $11) 22... Nc4 $17 23. Bxc4 dxc4 (23... bxc4 24. Na4 Qc7 25. Nc5 $15) 24. f4 (24. d5 $2 Qc7 25. f4 Bxd5 26. Nxd5 Rxd5 $19) 24... Qc6 {[%emt 0:01:08] Against d5. aiming for ...Qh1+.} 25. d5 exd5 26. Bd4 Bf8 ({Black should try} 26... Ra8 27. Qf2 Bc8) 27. Qe3 a5 28. bxa5 Ra8 $1 (28... Bxa3 29. Nxb5 Qxb5 30. Qxa3 $11) 29. Rb1 Rxa5 30. Rcb2 (30. e6 $17 Qxe6 31. Qxe6 fxe6 32. Bb6) 30... Rxa3 $19 31. Rxb5 {[%emt 0:00:09] Hoping for Rb6.} Bc8 32. Rb6 (32. Rb8 $17) 32... Qd7 33. Rb8 Qg4+ 34. Qg3 {[%emt 0:00:13] Black must now prevent Qxg4.} Qf5 35. Qe3 Be7 36. Qg3 (36. e6 {might work better.}) 36... Qc2 $2 (36... h6 $19 37. h4 Kh7) 37. R8b2 $17 {[%emt 0:00:29] [#]} Qf5 {[%emt 0:00:39] Black is more active.} (37... Rxc3 $1 $17 38. Rxc2 (38. Qxc3 Qxc3 39. Bxc3 Bf5 $17) 38... Rxg3+ 39. hxg3 Bf5) 38. Rb8 $19 Qc2 $2 (38... h6 $19 {[%cal Rh6g5] has better winning chances.} 39. h4 Kh7) 39. R8b2 $17 Rxc3 ({Don't blunder} 39... Qf5 $2 40. Rb8 $19) 40. Qxc3 (40. Rxc2 $142 Rxg3+ 41. hxg3) 40... Qxc3 41. Bxc3 Bf5 $1 $36 {[%emt 0:30:45][%mdl 2048] White is under strong pressure.} 42. Bd4 Bxb1 $19 43. Rxb1 {[%emt 0:00:00][%mdl 4096] Endgame KRB-KRB} Rc8 {[%emt 0:00:00] Strongly threatening ...c3.} 44. Kf1 $2 (44. Kf2 {nothing else works.}) 44... Bc5 (44... c3 $142 {And now ...c2 would win.} 45. Rb3 c2) 45. Bxc5 Rxc5 46. Ke2 {[%emt 0:00:00] [#]} d4 47. Rb8+ Kg7 48. Kd2 {[%emt 0:00:00] [#]} (48. Kd1) 48... c3+ $1 {[%emt 0:00:00] Weighted Error Value: White=0.35/Black=0.42} ({Stronger than} 48... Ra5 49. Rd8 $17) 0-1

[Event "44th Chess Olympiad Open 2022"]
[Site "Chennai"]
[Date "2022.08.05"]
[Round "7.50"]
[White "Ahmed, Ali Layth Ahmed"]
[Black "Cilia Vincenti, David"]
[Result "1-0"]
[ECO "D30"]
[WhiteElo "2249"]
[BlackElo "1904"]
[Annotator "NA RC"]
[PlyCount "51"]
[EventDate "2022.07.29"]
[EventType "team-tourn"]
[EventCountry "IND"]
[SourceTitle "playchess.com"]
[Source "ChessBase"]
[SourceQuality "1"]
[WhiteTeam "Iraq"]
[BlackTeam "Malta"]
[WhiteTeamCountry "IRQ"]
[BlackTeamCountry "MLT"]
[TimeControl "40/5400+30:1800+30"]

1. d4 d5 2. c4 e6 3. Nf3 a6 4. e3 Nf6 5. b3 c5 6. Bd3 cxd4 7. exd4 Bb4+ 8. Bd2 Bxd2+ 9. Qxd2 dxc4 10. bxc4 O-O 11. O-O Nc6 12. Nc3 Qd6 13. Rfe1 Rd8 14. Rad1 h6 15. h3 Bd7 16. Qe3 Rac8 17. c5 Qc7 18. Rb1 Ne7 19. Ne5 Ned5 20. Nxd5 Nxd5 21. Qe4 f5 22. Qf3 Bc6 23. Bc4 Rb8 24. Nxc6 Qxc6 25. Re5 b5 26. Bb3 1-0

[Event "44th Chess Olympiad Open 2022"]
[Site "Chennai"]
[Date "2022.08.05"]
[Round "7.50"]
[White "Pace, Colin"]
[Black "Mohammed, Zozek Salah Mohammed"]
[Result "0-1"]
[ECO "B90"]
[WhiteElo "2159"]
[BlackElo "2232"]
[Annotator "ChessBase"]
[PlyCount "64"]
[EventDate "2022.07.29"]
[EventType "team-tourn"]
[EventCountry "IND"]
[SourceTitle "playchess.com"]
[Source "ChessBase"]
[SourceQuality "1"]
[WhiteTeam "Malta"]
[BlackTeam "Iraq"]
[WhiteTeamCountry "MLT"]
[BlackTeamCountry "IRQ"]
[TimeControl "40/5400+30:1800+30"]

1. e4 c5 2. Nf3 d6 3. d4 cxd4 4. Nxd4 Nf6 5. Nc3 a6 6. h3 e5 7. Nde2 h5 8. g3 Be6 9. Bg2 Nbd7 10. a4 Rc8 11. O-O Be7 12. b3 Qc7 13. Ba3 O-O 14. Qd3 Rfd8 15. Rfd1 Nc5 16. Qe3 b6 17. Rd2 Qb8 18. f4 exf4 19. Nxf4 b5 20. axb5 axb5 21. Ncd5 Bxd5 22. Nxd5 Nxd5 23. Rxd5 Ne6 24. e5 b4 25. Bb2 Rxc2 26. Rb1 h4 27. Be4 Bg5 28. Qf3 Qa7+ 29. Kh1 Rf2 30. Qh5 hxg3 31. Qh7+ Kf8 32. exd6 Rh2# 0-1

[Event "44th Chess Olympiad Open 2022"]
[Site "Chennai"]
[Date "2022.08.05"]
[Round "7.50"]
[White "Rabeea, Sabah Nori"]
[Black "Mizzi, Jack"]
[Result "1-0"]
[ECO "D46"]
[WhiteElo "2122"]
[BlackElo "1913"]
[Annotator "TA"]
[PlyCount "77"]
[EventDate "2022.07.29"]
[EventType "team-tourn"]
[EventCountry "IND"]
[SourceTitle "playchess.com"]
[Source "ChessBase"]
[SourceQuality "1"]
[WhiteTeam "Iraq"]
[BlackTeam "Malta"]
[WhiteTeamCountry "IRQ"]
[BlackTeamCountry "MLT"]
[TimeControl "40/5400+30:1800+30"]

1. d4 d5 2. Nf3 Nf6 3. c4 c6 4. Nc3 e6 5. e3 Nbd7 6. Bd3 Bd6 7. O-O O-O 8. e4 dxe4 9. Nxe4 Nxe4 10. Bxe4 Nf6 11. Bc2 c5 {[%emt 0:05:55] Nowadays more popular than 11...h6.} 12. Bg5 h6 13. Bh4 $1 cxd4 {[%emt 0:04:38] D46: Semi-Slav: 5 e3 Nbd7 6 Bd3, Black avoids the Meran.} 14. Qd3 {[%emt 0:01:50] Strongly threatening Bxf6.} (14. Nxd4 Be5 15. Nb5 (15. Bxf6 Qxf6 16. Nf3 Rd8 $15) 15... Bd7 $11) 14... Re8 $1 15. Nxd4 {[%emt 0:31:40] Black must now prevent Rad1.} ({Don't play} 15. Bxf6 Qxf6 16. Nxd4 g6 $11) 15... Be5 {[%emt 0:19:37] White is slightly better.} 16. Rad1 {[%emt 0:08:02][%cal Ba1d1,Bd1d4,Bd4d6][%mdl 32] aiming for Bxf6.} Bxd4 17. Qxd4 Qxd4 18. Rxd4 e5 19. Rd6 Be6 {[%emt 0:01:13] [#]} 20. c5 $146 ({Predecessor:} 20. b3 Rac8 21. Rd2 Kf8 22. Rfd1 Rc7 23. Bg3 Rd7 24. f3 Rxd2 25. Rxd2 Nd7 26. Be4 {1-0 (67) Zpevak,P (2401)-Nemcova,K (2247) Ostrava 2010}) 20... Rec8 21. b4 a5 22. Bxf6 (22. a3 $5 ) 22... gxf6 23. Be4 Rc7 24. a3 axb4 25. axb4 f5 26. Bd5 Bxd5 27. Rxd5 $11 {[%emt 0:00:02][%mdl 4096] Endgame KRR-KRR} Ra4 28. Rb1 b6 $2 {[%emt 0:00:57][%mdl 8192] Loses the game.} (28... f6 $11) 29. cxb6 $18 ({Not} 29. Rxe5 bxc5 30. bxc5 Rc4 $16) 29... Rxb4 30. Rdd1 Rxb1 31. Rxb1 {[%emt 0:04:21] KR-KR} Rb7 {[%emt 0:02:41] [#]} 32. Kf1 $1 {[%emt 0:00:01] Threatens to win with Ke2.} Kf8 33. Ke2 {[%emt 0:00:02] Hoping for Kd3.} Ke7 34. Kd3 Kd6 35. Kc4 Kc6 36. g3 f6 $2 (36... Rxb6 $2 37. Rxb6+ Kxb6 38. Kd5 $18) (36... f4) 37. h4 h5 38. Rb5 {[%emt 0:00:09] And now Rc5+ would win.} Rd7 $2 {[%emt 0:02:50] [#]} (38... Rxb6 $2 39. Rxb6+ Kxb6 40. Kd5 $18) (38... Kd6 39. f4 Rb8) 39. b7 $1 {[%emt 0:01:18] Weighted Error Value: White=0.12 (very precise) /Black=0.41} 1-0

[Event "44th Chess Olympiad Open 2022"]
[Site "Chennai"]
[Date "2022.08.05"]
[Round "7.50"]
[White "Darmanin, Jake"]
[Black "Salih, Akar Ali Salih"]
[Result "0-1"]
[ECO "B53"]
[WhiteElo "2101"]
[BlackElo "2243"]
[Annotator "ChessBase"]
[PlyCount "68"]
[EventDate "2022.07.29"]
[EventType "team-tourn"]
[EventCountry "IND"]
[SourceTitle "playchess.com"]
[Source "ChessBase"]
[SourceQuality "1"]
[WhiteTeam "Malta"]
[BlackTeam "Iraq"]
[WhiteTeamCountry "MLT"]
[BlackTeamCountry "IRQ"]
[TimeControl "40/5400+30:1800+30"]

1. e4 c5 2. Nf3 d6 3. d4 cxd4 4. Qxd4 a6 5. Be3 Nc6 6. Qd2 Nf6 7. Nc3 e6 8. O-O-O Qc7 9. Nd4 Bd7 10. f4 Na5 11. Qd3 b5 12. Be2 Rc8 13. g4 b4 14. Nb1 e5 15. Nb3 Bb5 16. Qd2 Bxe2 17. Qxe2 Nc4 18. Na1 Qa5 19. a3 bxa3 20. b3 Nxe3 21. Qxe3 a2 22. g5 axb1=Q+ 23. Kxb1 Nd7 24. f5 Qc5 25. Qe2 Qb5 26. Qg4 h5 27. Qf3 Nb6 28. g6 f6 29. Rd3 Be7 30. Rhd1 Rc6 31. Qf2 Qb4 32. Qe2 Na4 33. c4 Nc3+ 34. Rxc3 Qxc3 0-1

[Event "44th Chess Olympiad Open 2022"]
[Site "Chennai"]
[Date "2022.08.05"]
[Round "7.51"]
[White "Khusenkhojaev, Mustafokhuja"]
[Black "Etienne, Angelo"]
[Result "1-0"]
[ECO "D38"]
[WhiteElo "2238"]
[BlackElo "2036"]
[Annotator "NA RC"]
[PlyCount "87"]
[EventDate "2022.07.29"]
[EventType "team-tourn"]
[EventCountry "IND"]
[SourceTitle "playchess.com"]
[Source "ChessBase"]
[SourceQuality "1"]
[WhiteTeam "Tajikistan"]
[BlackTeam "Haiti"]
[WhiteTeamCountry "TJK"]
[BlackTeamCountry "HAI"]
[TimeControl "40/5400+30:1800+30"]

1. d4 Nf6 2. Nf3 e6 3. c4 d5 4. Bg5 h6 5. Bxf6 Qxf6 6. e3 Bb4+ 7. Nc3 O-O 8. Qb3 Bxc3+ 9. bxc3 dxc4 10. Bxc4 Nc6 11. Be2 b6 12. O-O Bb7 13. c4 Na5 14. Qc2 Bxf3 15. Bxf3 Rad8 16. c5 e5 17. d5 Nb7 18. cxb6 cxb6 19. Rfc1 Nc5 20. a4 Rfe8 21. e4 Qf4 22. Ra3 f5 23. g3 Qg5 24. Rd1 Rd6 25. a5 Rf8 26. axb6 axb6 27. Bg2 Kh8 28. exf5 Qxf5 29. Qxf5 Rxf5 30. Ra8+ Kh7 31. Rc8 Rf7 32. Re8 b5 33. Rxe5 b4 34. Rc1 Rc7 35. Re4 b3 36. Rb4 Rb7 37. Rxb7 Nxb7 38. Be4+ Kg8 39. Rc8+ Rd8 40. Rc6 Rd6 41. f3 Kf8 42. Rc8+ Ke7 43. Rc7+ Rd7 44. Rxb7 1-0

[Event "44th Chess Olympiad Open 2022"]
[Site "Chennai"]
[Date "2022.08.05"]
[Round "7.51"]
[White "Ilkhomi, Jaloliddin"]
[Black "Gabriel, Davidson"]
[Result "1-0"]
[ECO "D02"]
[WhiteElo "2076"]
[BlackElo "1915"]
[Annotator "TA"]
[PlyCount "119"]
[EventDate "2022.07.29"]
[EventType "team-tourn"]
[EventCountry "IND"]
[SourceTitle "playchess.com"]
[Source "ChessBase"]
[SourceQuality "1"]
[WhiteTeam "Tajikistan"]
[BlackTeam "Haiti"]
[WhiteTeamCountry "TJK"]
[BlackTeamCountry "HAI"]
[TimeControl "40/5400+30:1800+30"]

1. d4 Nf6 2. Bf4 e6 3. e3 d5 4. Nd2 Bd6 5. Bg3 O-O 6. Ngf3 c5 7. c3 Nc6 8. Bd3 b6 9. Ne5 {[%emt 0:01:55] 9.Qe2 gains popularity.} Bb7 10. f4 {[%emt 0:01:10] D02: 1 d4 d5 2 Nf3 sidelines, including 2...Nf6 3 g3 and 2...Nf6 3 Bf4.} Ne7 11. Qb1 c4 12. Bc2 {[%emt 0:01:00] The position is equal.} b5 13. O-O {[%emt 0:14:10] [#]} Rb8 $146 ({Predecessor:} 13... g6 14. Bf2 Ne8 15. b3 Rb8 16. Qb2 Qc8 17. a4 b4 18. bxc4 dxc4 19. Nexc4 bxc3 20. Qxc3 {0-1 (59) Gould,I (2009)-Cook,D (2295) ICCF email 2016}) 14. Bh4 h6 (14... Ng6 $11 15. Bxf6 gxf6 16. Nxg6 hxg6) 15. Rf3 (15. Bxf6 $16 gxf6 16. Qe1) 15... Ne8 16. g4 {[%emt 0:21:10] 0x0.0019ee8387cbdp-1022s more active pieces. The black rooks are badly placed.} f6 17. Ng6 Nxg6 18. Bxg6 Be7 19. Qc2 (19. g5 $1 $14) 19... Nd6 $11 20. Kh1 Bc6 21. Rg1 b4 (21... Be8 $11 {remains equal.}) 22. Rh3 $2 (22. g5 $1 $16 {[%cal Rg5h6] Threatens to win with gxh6.} hxg5 23. Bxg5 fxg5 24. Bh7+ Kh8 25. Rh3) 22... bxc3 {[%emt 0:06:23] [#]} ({Black should play} 22... Be8 $1 $11) 23. bxc3 (23. g5 $1 $14 fxg5 (23... Rxb2 24. Qxc3) 24. Bxg5 cxd2 25. Bxh6) 23... f5 (23... Be8 $1 $11) 24. Bxe7 Qxe7 25. g5 {[%emt 0:00:01] Inhibits Rf6.} hxg5 26. Rxg5 Be8 $1 27. Qd1 {[%emt 0:07:26][%cal Oh3h8] White threatens Rh8+! and mate.} Bxg6 28. Rxg6 {[%emt 0:00:01] Qh5 is the strong threat.} Rf6 $1 $36 {[%emt 0:01:19][%mdl 2048] Black is more active.} 29. Qh5 Rxg6 30. Qh8+ Kf7 {[%emt 0:00:33][%cal Od6e4] ( -> ...Ne4!)} 31. Qxb8 Rh6 32. Kg2 Rxh3 33. Kxh3 {[%emt 0:00:08][%mdl 4096] Endgame KQN-KQN} Ne4 34. Nf3 g5 (34... Nxc3 {gets mated.} 35. Ne5+ Kf6 36. Qh8 Ne4 37. Qh4+ g5 38. Qh6#) 35. fxg5 Nxg5+ 36. Kg2 {[%emt 0:01:36] And now Qh8 would win.} Nxf3 37. Kxf3 {[%emt 0:00:02][%cal Bg2f3,Bf3f4,Bf4e5][%mdl 32] KQ-KQ} a5 38. Qh8 {[%emt 0:01:18] Black must now prevent Qh7+.} Qg5 39. Qh3 Qg1 40. Kf4 {[%emt 0:01:35] Hoping for Qh5+.} Ke7 (40... Qf2+ $2 41. Ke5 Qc2 42. Qh7+ Ke8 43. Kf6 $18) 41. Qg3 Qd1 (41... Qb1 $14) 42. Ke5 $18 {[%emt 0:00:20] Intending Qg7+ and mate.} Qd2 43. Qg7+ Kd8 44. Qf8+ (44. Kd6 $142 Qxh2+ 45. Kxe6 Kc8 46. Qd7+ Kb8 47. Qd8+ Ka7 48. Qxa5+ Kb7 49. Qxd5+ Ka7 50. Qa5+ Kb7 51. Qd5+ Ka7 52. Qxf5) 44... Kd7 45. Qd6+ Kc8 46. Qxe6+ Kc7 47. Qd6+ Kc8 48. Qc5+ Kb8 49. Qf8+ Kc7 50. Qe7+ Kb6 51. Qd6+ Ka7 52. Qc7+ Ka6 (52... Ka8 $18 53. Qxa5+ Kb8 54. Qd8+ Kb7 55. Qxd5+ Ka7 56. Qd7+ Kb6 57. Qd6+ Kb7 58. Qb4+ Ka7 59. Qe7+ Ka6 60. Qd6+ Kb7 61. Qd5+ Ka7 62. Qf7+ Kb8 63. Qg8+ Kb7 64. Qf7+ Kb8 65. Qf8+ Kc7 66. Qc5+ Kb8 67. Qb5+ Ka7 68. Qc5+ Kb8 69. Qf8+ Kc7 70. Qc5+ Kb8) 53. Kxd5 Qxe3 54. Kc5 Qe6 55. a4 (55. Qd8 $142 Kb7 56. Qd5+ Qxd5+ 57. Kxd5 Kc7 58. Ke5 Kb6 59. h4 Kb5 60. h5) 55... f4 56. Qxf4 $2 (56. Qd8 Kb7 57. d5) 56... Qb6+ {[%emt 0:00:00] [#]} 57. Kxc4 $2 (57. Kd5 $1 $18 {Threatening mate with Qd6.} Qb7+ 58. Ke6 (58. Kxc4 Qc7+ 59. Qxc7 $11) 58... Qc8+ 59. Ke5) 57... Qc6+ (57... Qc7+ $11 58. Qxc7) 58. Kb3 {[%emt 0:00:00] White is clearly winning.} Qb7+ 59. Kc2 {[%emt 0:00:00] Qd6+ would kill now.} Qg2+ 60. Qd2 {[%emt 0:00:00] Weighted Error Value: White=0.45/Black=0.66} 1-0

[Event "44th Chess Olympiad Open 2022"]
[Site "Chennai"]
[Date "2022.08.05"]
[Round "7.51"]
[White "Jean Louis, Marckens"]
[Black "Khusenkhojaev, Muhammad"]
[Result "0-1"]
[ECO "C54"]
[WhiteElo "2050"]
[BlackElo "2397"]
[Annotator "TA"]
[PlyCount "94"]
[EventDate "2022.07.29"]
[EventType "team-tourn"]
[EventCountry "IND"]
[SourceTitle "playchess.com"]
[Source "ChessBase"]
[SourceQuality "1"]
[WhiteTeam "Haiti"]
[BlackTeam "Tajikistan"]
[WhiteTeamCountry "HAI"]
[BlackTeamCountry "TJK"]
[TimeControl "40/5400+30:1800+30"]

1. e4 e5 2. Nf3 Nc6 3. Bc4 Bc5 4. d3 Nf6 5. c3 O-O 6. O-O d5 7. exd5 Nxd5 8. Bg5 {[%emt 0:03:24] C54: Giuoco Piano: 4 c3 Nf6, main lines with 5 d4 and 5 d3.} ({White should play} 8. Re1 $14) 8... f6 $11 9. Be3 Bxe3 10. fxe3 {[%emt 0:00:03] [#] Hoping for e4. The position is equal.} Na5 $146 ({Predecessor:} 10... Kh8 11. Qe2 Bg4 12. h3 Bh5 13. g4 Bf7 14. Bb3 Qd7 15. Nh4 Nde7 16. Bc2 b5 {½-½ (61) Nordenbaek,J (2214)-Heimisson,H (2299) Svendborg 2019}) 11. Bxd5+ Qxd5 12. c4 (12. e4 $5 Qd6 13. Qa4 $11) 12... Qc5 13. Qe1 Nc6 {[%emt 0:01:07] Prevents b4.} 14. Na3 Bf5 15. Rd1 Rad8 {[%emt 0:01:06] Against d4} 16. Qe2 (16. d4 $1 $11 exd4 17. exd4) 16... e4 {[%emt 0:01:13] Black is more active.} 17. d4 exf3 18. Qxf3 {[%emt 0:00:37] [#]} Qe7 19. Qxf5 Qxe3+ 20. Qf2 Qxf2+ 21. Rxf2 Rxd4 ({Don't play} 21... Nxd4 $6 22. Rfd2 Ne6 23. Rxd8 Rxd8 24. Rxd8+ Nxd8 25. Nb5 $15) 22. Rxd4 Nxd4 $17 {[%emt 0:00:11][%mdl 4096] Endgame KRN-KRN} 23. Rd2 Rd8 24. Kf2 {[%emt 0:00:30] Inhibits Nf3.} a6 {[%emt 0:00:33] Inhibits Nb5.} 25. Nc2 Nc6 26. Rxd8+ Nxd8 {[%emt 0:00:08] KN-KN} 27. Nb4 Kf7 28. Ke3 f5 29. Nd3 Ne6 30. b4 g5 31. a4 Kf6 32. b5 $2 {[%emt 0:03:31][%mdl 8192] White does not recover from this.} (32. g3 $17 {keeps fighting.}) 32... a5 $19 33. c5 b6 34. cxb6 cxb6 35. g3 (35. h3 $142 Ke7 36. Ne5) 35... Ke7 36. Nb2 Kd6 37. Nc4+ Kc5 38. Kd3 f4 {[%emt 0:00:30] Threatens to win with ...fxg3.} 39. Ne5 (39. Kc3 $142 fxg3 40. hxg3) 39... Kd5 40. Nf7 fxg3 41. hxg3 h5 42. Ke3 h4 43. Nxg5 Nxg5 {[%emt 0:00:21] Black mates.} 44. gxh4 Ne6 45. h5 Ke5 46. h6 Kf6 47. Ke4 Nc5+ {[%emt 0:00:10] Weighted Error Value: White=0.60/Black=0.05 (flawless)} 0-1

[Event "44th Chess Olympiad Open 2022"]
[Site "Chennai"]
[Date "2022.08.05"]
[Round "7.51"]
[White "Germinal, Kemly"]
[Black "Sharifov, Mekhriddin"]
[Result "0-1"]
[ECO "B50"]
[WhiteElo "1997"]
[BlackElo "2097"]
[Annotator "TA"]
[PlyCount "96"]
[EventDate "2022.07.29"]
[EventType "team-tourn"]
[EventCountry "IND"]
[SourceTitle "playchess.com"]
[Source "ChessBase"]
[SourceQuality "1"]
[WhiteTeam "Haiti"]
[BlackTeam "Tajikistan"]
[WhiteTeamCountry "HAI"]
[BlackTeamCountry "TJK"]
[TimeControl "40/5400+30:1800+30"]

1. e4 {[%emt 0:00:06] Har Zvi,R} c5 2. Nc3 a6 3. Nf3 d6 4. d3 Nc6 5. g3 g6 6. Bg2 {[%emt 0:00:19] B50: Sicilian: 2...d6, Miscellaneous.} Bg7 7. O-O e6 8. Bg5 {[%emt 0:04:11] [#] The position is equal.} Qb6 $146 ({Predecessor:} 8... Nge7 9. Qd2 Nd4 10. Rab1 h6 11. Be3 d5 12. Ne1 b6 13. f4 Nxc2 14. Nxc2 d4 {0-1 (38) Milos,G (2605)-Ricardi,P (2575) Villa Martelli 1997 CBM 060 [Har Zvi,R]}) 9. Rb1 Nf6 10. h3 h6 11. Be3 Qc7 12. Qd2 e5 {[%emt 0:04:57] Against d4} 13. Kh2 Be6 14. a3 Rc8 15. a4 Nd4 16. Ng1 h5 17. Nf3 {[%emt 0:22:37] [#]} Ng4+ $1 18. hxg4 Nxf3+ 19. Bxf3 hxg4+ {[%emt 0:00:15][%mdl 64] Discovered Attack} 20. Kg2 gxf3+ 21. Kxf3 Qd7 {[%emt 0:01:03] Strongly threatening ...Bg4+.} (21... f5 {seems wilder.} 22. Rh1 Kf7 23. Bh6 Qe7) 22. Ke2 (22. Rh1 $1 $11) 22... Rh2 $15 {[%emt 0:00:53] Black is more active.} 23. Qe1 Bg4+ 24. Kd2 Bf3 $1 25. b3 b5 26. axb5 axb5 27. Ra1 Bf6 (27... f5 $11) 28. Nd5 (28. Ra6 $14) 28... Bd8 $36 {[%emt 0:00:13][%mdl 2048] Black has some pressure. A strong pair of Bishops.} 29. Ra6 (29. g4 $1 $11 {keeps the balance.}) 29... c4 (29... f5 $17 30. Kc1 fxe4 31. dxe4 Bxe4) 30. Qa1 $14 Kf8 $1 31. Qa3 (31. Ra8 $14) 31... Rc6 $2 (31... cxd3 32. cxd3 Kg7 33. Qxd6 Qxd6 34. Rxd6 $16) (31... Kg7 $11 {and Black stays safe.}) 32. Ra7 $2 (32. bxc4 $18 Rxa6 33. Qxa6 bxc4 34. Qxc4) 32... Qh3 $11 {[%emt 0:00:07][%csl LRf1,LRg3] Really sharp!} 33. Rg1 $2 (33. Qa1 $1 $11) 33... Kg7 $2 (33... c3+ $1 $19 34. Nxc3 Bb6 35. Bxb6 (35. Nxb5 $2 Rxf2+ 36. Kc1 Bxe3+ $19) 35... Qh6+ 36. Ke1 b4) 34. Ra8 $2 {[%emt 0:00:27][%mdl 8192] White does not recover from this.} (34. bxc4 $11 bxc4 35. Ra6 Rxa6 36. Qxa6) 34... c3+ $19 35. Nxc3 Bb6 36. Bxb6 {[%emt 0:01:33] aiming for Be3.} b4 37. Qxb4 {[%emt 0:00:47] [#]} Qh6+ $2 (37... Rxb6 $1 38. Qa3 (38. Nb5 Rxf2+) 38... Rxf2+ 39. Kc1 Qh2) 38. Be3 Rxf2+ $1 39. Kc1 {[%emt 0:00:18][%cal Ob4b8] Qb8! would kill now.} Qxe3+ 40. Kb2 $2 {[%emt 0:00:14] [#]} (40. Kb1 Qd2 41. Rc1) 40... Rxc2+ $3 {[%emt 0:00:10][%mdl 576] Decoy, Clearance. Black is clearly winning.} 41. Kxc2 {[%emt 0:30:55][%cal Ob4b8] [#] Threatens to win with Qb8!} Qf2+ $1 (41... Qxg1 42. Qb8 Qf2+ 43. Kb1 Qe1+ 44. Ka2 Qd2+ 45. Ka3 Qc1+ 46. Ka4 (46. Ka2 Qc2+ 47. Ka3 Qc1+ 48. Ka4 Qa1+ 49. Kb5 Qxa8 $14) 46... Qa1+ 47. Kb5 Qxa8 48. Qxa8 $14) 42. Kb1 Qxg1+ 43. Kb2 {[%emt 0:00:00] And now Qb8 would win.} Bg4 {[%emt 0:00:00] ...Qe1 is the strong threat.} (43... Qe3 44. Qb8 Qd2+ 45. Ka3 Qc1+ 46. Ka4 (46. Ka2 Qd2+ 47. Ka3 Qc1+ 48. Ka4 Qa1+ 49. Kb5 Qxa8 $14) 46... Qa1+ 47. Kb5 Qxa8 48. Qxa8 $16) 44. Rd8 Qe3 {[%emt 0:00:00] ( -> ...Qd2+)} 45. Rxd6 Qd2+ 46. Ka3 Qc1+ 47. Ka4 Qa1+ 48. Qa3 Qxc3 {[%emt 0:00:00] Weighted Error Value: White=0.81/Black=0.37} 0-1

[Event "44th Chess Olympiad Open 2022"]
[Site "Chennai"]
[Date "2022.08.05"]
[Round "7.52"]
[White "Kwon, Sehyun"]
[Black "Aziz, Husain"]
[Result "1-0"]
[ECO "C56"]
[WhiteElo "2225"]
[BlackElo "2380"]
[Annotator "TA"]
[PlyCount "85"]
[EventDate "2022.07.29"]
[EventType "team-tourn"]
[EventCountry "IND"]
[SourceTitle "playchess.com"]
[Source "ChessBase"]
[SourceQuality "1"]
[WhiteTeam "Korea"]
[BlackTeam "Qatar"]
[WhiteTeamCountry "KOR"]
[BlackTeamCountry "QAT"]
[TimeControl "40/5400+30:1800+30"]

1. e4 e5 2. Nf3 Nc6 3. Bc4 Nf6 4. d4 exd4 5. e5 d5 6. Bb5 Ne4 7. Nxd4 Bd7 8. Bxc6 bxc6 9. O-O Bc5 10. f3 Ng5 11. Be3 Bb6 12. f4 Ne4 13. Nd2 Nxd2 14. Qxd2 c5 15. Nf3 d4 {[%emt 0:01:11] C56: Two Knights: 4 d4 exd4 5 0-0 Nxe4.} 16. Bf2 Bb5 (16... O-O $11) 17. Rfe1 $16 Bc6 {[%emt 0:02:05] White is better.} 18. Bh4 Qd5 19. f5 {[%emt 0:02:44] Qf4 is the strong threat. White is more active.} Kd7 {[%emt 0:07:53] [#]} (19... c4 $142) 20. c4 $146 (20. Qg5 $6 Kc8 $14) ({Predecessor:} 20. e6+ Kc8 21. Ne5 fxe6 22. Nxc6 Qxc6 23. fxe6 Kb7 24. Qg5 h6 25. Qg6 Rhe8 26. Kh1 {0-1 (71) Wisniewski,M (1854)-Hetzer,V (2010) Wroclaw 2012}) 20... dxc3 21. Qxc3 Kc8 22. Bf2 (22. Kh1 $1 $18) 22... Kb7 23. b3 {[%emt 0:03:42] And now Rad1 would win.} (23. a4 {looks sharper.} c4 24. b3 Qd3 25. Qxc4 Rad8 26. Bxb6 axb6 27. a5) 23... Rad8 24. a4 a5 25. Rac1 $1 Rhe8 $1 26. Bxc5 Qxc5+ 27. Qxc5 Bxf3 {[%emt 0:00:23] [#]} 28. gxf3 Rd5 $1 {[%emt 0:24:01][%mdl 64] Pin} 29. Qxb6+ Kxb6 $14 {[%emt 0:00:02][%mdl 4096] Endgame KRR-KRR} 30. f4 Rd4 ({Black should try} 30... f6 $14) 31. Rf1 ({Better is} 31. Rc4 $1 $16 Rxc4 32. bxc4) 31... Rd3 (31... f6 $14) 32. Rfd1 Red8 (32... Rxd1+ $16 {is a better defense.} 33. Rxd1 Kc6) 33. Rxd3 $18 Rxd3 {[%emt 0:00:02] KR-KR} 34. Kf2 {[%emt 0:02:35] Inhibits Rf3+.} ({Don't take} 34. e6 $6 Rd8 $16) 34... c6 35. Ke2 Rxb3 {[%emt 0:05:07] [#]} (35... Rd4 36. Rc4 Rd5) 36. e6 $1 Kc7 37. Rd1 {[%emt 0:00:50] aiming for Rd7+.} ({Less strong is} 37. exf7 Rb8 $18) 37... Rb2+ 38. Ke3 {[%emt 0:00:56] Strongly threatening Rd7+.} Rb3+ 39. Ke2 Rb2+ {[%emt 0:00:06] [#]} 40. Kf3 $1 {[%emt 0:01:27] White is clearly winning.} Rb3+ 41. Kg4 {[%emt 0:13:04] Black must now prevent Rd7+.} c5 42. exf7 Rb8 43. f6 {[%emt 0:00:26] Weighted Error Value: White=0.24 (precise) /Black=0.35} 1-0